 Dungeon Crawl Stone Soup version 0.18-a0-1400-g0ef5d54 (webtiles) character file.

285921 OuiMaisNon the Bludgeoner (level 20, -18/129 HPs)
             Began as a Gargoyle Hunter on Feb 23, 2016.
             Was a High Priest of Okawaru.
             Demolished by an ironbrand convoker
             ... wielding a +0 great mace
             ... led by a vault warden
              (34 damage)
             ... on level 13 of the Dungeon on Feb 24, 2016.
             The game lasted 02:20:33 (45743 turns).

OuiMaisNon the Bludgeoner (Gargoyle Hunter)        Turns: 45743, Time: 02:20:33

Health: -18/129    AC: 53    Str: 15    XL:     20   Next: 62%
Magic:  14/18      EV:  8    Int: 15    God:    Okawaru [*****.]
Gold:   3421       SH:  4    Dex: 15    Spells: 5 memorised, 14 levels left

rFire  . . .     SeeInvis .     n - +6 great mace (crush)
rCold  + + .     Gourm    .     s - +10 plate armour of Repulsion {rN+++ Str-4 Int-3 Slay+5}
rNeg   + + +     Faith    .     (shield currently unavailable)
rPois  ∞         Spirit   .     m - +2 hat {Int+3}
rElec  +         Dismiss  .     a - +1 cloak of Mysticism {rCorr}
rCorr  +         Reflect  +     V - +2 pair of gloves of Lythubir {+Fly rC+}
SustAt .         Harm     .     B - +2 pair of boots of the Assassin {DetectMon Stab+ Stlth++}
MR     ++...                    Q - amulet of Poagavirgh {Reflect rPois rC+ MP-9 Int+2 SH+4}
Stlth  ..........               y - ring of protection from magic
                                b - +5 ring of protection

@: finesse, flying, very resistant to hostile enchantments, extremely unstealthy
A: big wings, deformed body, negative energy resistance 1, electricity
resistance, unbreathing, petrification resistance, rot immunity, subdued magic
1, AC +15
a: Stop Flying, Heroism, Finesse, Renounce Religion
}: 2/15 runes: serpentine, barnacled


You were on level 13 of the Dungeon.
You worshipped Okawaru.
Okawaru was extremely pleased with you.
You were not hungry.

You visited 7 branches of the dungeon, and saw 36 of its levels.
You visited the Abyss 1 time.

You collected 3619 gold pieces.
You spent 198 gold pieces at shops.

Inventory:

Hand Weapons
 i - a +3 triple crossbow of flaming
 n - a +6 great mace of crushing (weapon)
 z - a +1 great mace of holy wrath
Missiles
 d - 343 bolts
 p - 34 bolts of flame
 x - 21 poisoned bolts
 H - 24 bolts of penetration
 S - 91 silver bolts
 U - 89 bolts of frost
 Y - 20 steel bolts
Armour
 a - the +1 cloak of Mysticism (worn) {rCorr}
   (Okawaru gifted it to you on level 4 of the Snake Pit)

   It protects you from acid and corrosion.
 m - a +2 hat of intelligence (worn)
 s - the +10 plate armour of Repulsion (worn) {rN+++ Str-4 Int-3 Slay+5}
   (You found it on level 13 of the Dungeon)

   It affects your strength (-4).
   It affects your intelligence (-3).
   It affects your accuracy and damage with ranged weapons and melee attacks
   (+5).
   It renders you almost immune to negative energy.
 B - the +2 pair of boots of the Assassin (worn) {DetectMon Stab+ Stlth++}
   (Okawaru gifted it to you on level 1 of the Depths)

   It makes you much more stealthy.
 V - the +2 pair of gloves of Lythubir (worn) {+Fly rC+}
   (You found it on level 6 of the Dungeon)

   It protects you from cold.
   It lets you fly.
Jewellery
 b - a +5 ring of protection (left hand)
 g - an uncursed ring of fire
 j - an uncursed ring of protection from cold
 y - a ring of protection from magic (right hand)
 L - a +3 ring of strength
 Q - the amulet of Poagavirgh (around neck) {Reflect rPois rC+ MP-9 Int+2 SH+4}
   (You found it on level 1 of the Depths)

   [amulet of reflection]

   It shields you and reflects attacks.
   It affects your intelligence (+2).
   It protects you from cold.
   It protects you from poison.
   It affects your magic capacity (-9).
   It affects your SH (+4).
Wands
 I - a wand of teleportation (5/9)
 K - a wand of digging (16/24)
 M - a wand of disintegration (16/24)
Scrolls
 c - a scroll of recharging
 k - 5 scrolls of identify
 l - 3 scrolls of blinking
 u - 3 scrolls of magic mapping
 A - 3 scrolls of teleportation
 E - a scroll of summoning
 J - a scroll of fear
 R - 15 scrolls of remove curse
Potions
 e - 4 potions of agility
 o - 16 potions of curing
 q - 2 potions of haste
 r - 3 potions of brilliance
 w - 11 potions of might
 D - 2 potions of cancellation
 G - a potion of resistance
 N - 3 potions of berserk rage
 P - 2 potions of ambrosia
 Z - 2 potions of magic
Comestibles
 f - 18 bread rations
 h - 15 meat rations
 t - 29 fruits
 v - 12 beef jerkies
 C - 6 chunks of flesh
 F - 2 slices of pizza


   Skills:
 - Level 15.0 Fighting
 - Level 20.0 Maces & Flails
 + Level 15.8 Crossbows
 - Level 14.2 Armour
 - Level 7.0 Dodging
 - Level 1.1 Stealth
 - Level 3.4 Spellcasting
 - Level 8.1 Hexes
 - Level 8.0 Translocations
 - Level 10.0 Invocations


You had 14 spell levels left.
You knew the following spells:

 Your Spells              Type           Power        Failure   Level  Hunger
a - Blink                 Tloc           N/A          17%         2    ##.....
b - Confuse               Hex            ###.....     47%         3    ###....
c - Shroud of Golubria    Chrm/Tloc      #.........   94%         2    ##.....
d - Portal Projectile     Tloc           ###...       47%         3    ###....
e - Apportation           Tloc           ###.......   11%         1    None


Dungeon Overview and Level Annotations

Branches:
Dungeon (15/15)            Temple (0/1) D:7            Lair (8/8) D:11
 Shoals (4/4) Lair:6        Snake (4/4) Lair:4        Slime (0/6) Lair:7
    Orc (2/2) D:12            Elf (0/3) Orc:2        Vaults (1/5) D:13
 Depths (2/5) D:15

Altars:
Elyvilon
Fedhas
Kikubaaqudgha
Okawaru
Pakellas
Sif Muna
Xom
The Shining One
Jiyva

Shops:
D:5 *   D:7 %([   D:8 *   D:13 ?   Orc:2 %[?![   Snake:1 !

Portals:
Hell: Depths:1
Abyss: Depths:2
Ziggurat: Depths:1

Annotations:
D:6 exclusion: oklob plant
D:9 anele's ghost, novice DsAK
Lair:3 exclusion: oklob plant


Innate Abilities, Weirdness & Mutations

You are resistant to torment.
Your stone body is resilient (AC +15).
You are immune to poison.
Your large and strong wings let you fly indefinitely.
You resist negative energy.
You are resistant to electric shocks.
You can survive without breathing.
You are immune to petrification.
You are immune to rotting.
Armour fits poorly on your strangely shaped body.
Your spells are a little easier to cast, but a little less powerful.


Message History

The ironbrand convoker points at the ironbrand convoker and mumbles some strange words.
The ironbrand convoker seems to grow stronger.
The ironheart preserver gestures wildly while chanting.
The ironheart preserver is healed somewhat.
There is a gate leading back out of this place, spattered with blood here.
You see here a deep troll corpse.
The ironbrand convoker points at the vault sentinel and mumbles some strange words.
The vault sentinel seems to grow stronger.
The yaktaur captain shoots a bolt.
The bolt hits you!!
You fly up through the gate.
Welcome back to the Dungeon!
There is a gate to the Vaults here.
You bludgeon the ironbrand convoker!!
The ironbrand convoker is heavily wounded.
The ironbrand convoker barely misses you.
Your plate armour of Repulsion prevents you from hitting the ironbrand convoker.
The ironbrand convoker is heavily wounded.
You sock the ironbrand convoker!
The ironbrand convoker is almost dead.
The ironbrand convoker hits you with a great mace!!
You die...

.........##########..........#
.........# #..........#
.........# #........(.#
.........##########..........#
.............................#
.......#############....)....#
.......#.....#..:..#.........#
.......'.....#[..p)#.........#
.(.....'..⌠..#.p@..#.........#
.....).'.....#.....#.#######.#
....).[#.....#.....#.# #.#
.......##'''###'''##.# #.#
.......#..[..#.....#.# #.#
.......#.....'..[..#.#######.#
.......#..⌠..'..[.[#.........#
.......#..(..'.....#...#######
.......#.[...#.....#...#


You could see 2 ironbrand convokers.

Vanquished Creatures
  Saint Roka (Vaults:1)
  A lich (Depths:2)
  Polyphemus (Shoals:3)
  Frances (D:14)
  A sphinx (Depths:1)
  A kraken (Shoals:3)
  A tentacled starspawn (Abyss:2)
  A fire giant (Depths:1)
  A frost giant (Depths:2)
  5 greater nagas (Snake:4)
  Roxanne (D:15)
  Ilsuiw (Shoals:4)
  Donald (Snake:1)
  The ghost of Garrluk the Devastator, an adept DEFE of Vehumet (Shoals:2)
  A balrug (Depths:1)
  An orc warlord (Orc:1)
  4 vault wardens (Vaults:1)
  Aizul (Snake:1)
  A spriggan defender (Depths:1)
  Nessos (Lair:5)
  2 ironheart preservers (Vaults:1)
  A stone giant (Depths:2)
  A vampire knight (Depths:2)
  3 very ugly things (Depths:1)
  Azrael (D:15)
  3 ettins
  5 vault guards
  7 merfolk javelineers
  3 fire dragons
  8 merfolk impalers
  2 jiangshi (Depths:2)
  4 yaktaur captains
  14 naga warriors
  8 hydras
  Erolcha (D:12)
  2 ice dragons
  A great orb of eyes (Depths:2)
  2 rakshasas
  4 anacondas
  7 ogre magi
  7 merfolk avatars
  A catoblepas (Shoals:2)
  4 satyrs
  3 merfolk aquamancers
  2 alligator snapping turtles
  7 centaur warriors
  11 death yaks
  2 vampire magi (Depths:2)
  2 deep troll shamans (Depths:2)
  A death knight (D:13)
  7 tengu warriors
  A thrashing horror (Abyss:2)
  4 shock serpents
  A wretched star (Abyss:2)
  2 sun demons (Depths:1)
  Nergalle (Lair:2)
  8 naga sharpshooters
  4 skeletal warriors
  11 sea snakes
  6 deep trolls
  3 salamander mystics
  A flayed ghost (Depths:1)
  An unseen horror (D:13)
  3 naga ritualists
  A giant orange brain (Depths:2)
  The ghost of Veiltonx the Skirmisher, a novice GrWz (D:6)
  3 hill giants
  4 orc knights
  22 harpies
  3 ironbrand convokers (Vaults:1)
  3 lindwurms (Lair:8)
  2 deep elf magi
  6 mana vipers
  2 necromancers
  7 wizards
  A hornet (shapeshifter) (Vaults:1)
  10 water nymphs
  5 cyclopes
  11 fauns
  21 ugly things
  An orc sorcerer (D:15)
  11 manticores
  13 griffons
  11 salamanders
  Maurice (Orc:1)
  A human skeleton (Vaults:1)
  12 elephants
  A worldbinder (Abyss:2)
  2 vault sentinels (Vaults:1)
  2 guardian serpents (Snake:4)
  14 naga magi
  33 black mambas
  An apocalypse crab (Abyss:2)
  Psyche (D:10)
  10 sirens
  2 centaur zombies (D:15)
  An orange demon (Abyss:2)
  8 torpor snails
  A gargoyle (D:15)
  5 centaur skeletons
  A komodo dragon (shapeshifter) (Depths:1)
  7 komodo dragons
  13 yaktaurs
  6 spiny frogs
  A redback zombie (D:15)
  An efreet (D:15)
  2 fire drakes
  A fire drake (shapeshifter) (Depths:2)
  3 freezing wraiths
  A harpy zombie (Vaults:1)
  35 merfolk
  5 tengu conjurers
  4 wind drakes
  A polar bear (Vaults:1)
  Prince Ribbit (D:7)
  16 two-headed ogres
  16 trolls
  Grinder (D:6)
  5 giant leeches (Lair:8)
  2 spriggan zombies (Depths:1)
  5 large abominations (Abyss:2)
  3 boulder beetles
  3 raiju (Abyss:2)
  20 blink frogs
  2 slime creatures (D:11)
  2 flying skulls (Abyss:2)
  10 snapping turtles
  13 water elementals
  Sigmund (D:6)
  A shadow (D:15)
  A wraith (D:13)
  A ynoxinul (Abyss:2)
  59 yaks
  A vampire (Abyss:2)
  3 wyverns
  6 fire elementals (D:15)
  2 hogs (Lair:5)
  A yak (shapeshifter) (Depths:1)
  A basilisk (Lair:8)
  A chaos spawn (Abyss:2)
  A steam dragon (D:11)
  26 humans
  9 hippogriffs
  A hungry ghost (D:11)
  14 wolves
  3 small abominations (Abyss:2)
  A neqoxec (Abyss:2)
  54 nagas
  5 wargs
  5 soldier ants
  15 porcupines
  29 water moccasins
  5 sky beasts
  21 orc warriors
  3 wasps (Lair:8)
  A black bear (Lair:1)
  35 ogres
  A phantom (D:13)
  5 ice beasts
  An orc zombie (Vaults:1)
  3 necrophages
  14 centaurs
  12 crocodiles
  18 giant frogs
  A wyvern zombie (D:14)
  The ghost of Veiltonx the Cutter, an amateur SpEn (D:3)
  A yaktaur skeleton (Depths:1)
  A water moccasin zombie (D:7)
  6 scorpions
  10 killer bees
  8 wights
  2 electric eels
  8 crimson imps
  6 hounds
  15 jellies
  14 two-headed ogre zombies (D:12)
  9 orc priests
  5 giant frog skeletons
  A gnoll shaman (D:4)
  An iron imp (Abyss:2)
  20 orc wizards
  Crazy Yiuf (D:2)
  6 iguanas
  Ijyb (D:3)
  4 hell rats (Lair:4)
  6 worker ants
  14 sheep
  A hound zombie (D:5)
  A hound skeleton (D:8)
  9 gnolls
  15 adders
  59 river rats
  5 shadow imps
  An ufetubus (Abyss:2)
  10 oozes (D:6)
  An adder skeleton (D:6)
  An adder zombie (D:6)
  19 worms
  2 dart slugs
  5 giant geckos
  55 orcs
  4 giant cockroaches
  6 hobgoblins
  15 jackals
  3 quokkas
  A ball python (D:4)
  5 bats
  A giant gecko skeleton (D:7)
  5 giant newts
  2 goblins
  6 kobolds
  2 quokka skeletons
  7 rats
  2 butterflies (D:7)
  A tentacle (Shoals:3)
1357 creatures vanquished.

Vanquished Creatures (others)
  Kirke (Lair:5)
  A basilisk (Abyss:2)
  A water moccasin skeleton (D:7)
  An orc wizard (Orc:2)
  2 orcs
  A butterfly (D:7)
  8 fungi
  18 plants
  3 starspawn tentacles (Abyss:2)
  6 tentacles (Shoals:3)
  77 tentacle segments (Shoals:3)
  16 toadstools
135 creatures vanquished.

Grand Total: 1492 creatures vanquished

Notes
Turn   | Place    | Note
--------------------------------------------------------------
     0 | D:1      | OuiMaisNon the Gargoyle Hunter began the quest for the Orb.
     0 | D:1      | Reached XP level 1. HP: 12/12 MP: 1/1
   204 | D:1      | Reached XP level 2. HP: 15/18 MP: 2/2
  1815 | D:2      | Reached XP level 3. HP: 18/24 MP: 3/3
  2325 | D:3      | Noticed Veiltonx's ghost (amateur SpEn)
  2393 | D:3      | Killed Veiltonx's ghost
  2393 | D:3      | Reached skill level 2 in Maces & Flails
  2393 | D:3      | Reached XP level 4. HP: 15/29 MP: 4/4
  2414 | D:3      | Reached skill level 3 in Maces & Flails
  2414 | D:3      | Reached XP level 5. HP: 3/33 MP: 5/5
  2702 | D:3      | Learned a level 2 spell: Confusing Touch
  2760 | D:3      | Noticed Ijyb
  2789 | D:3      | Killed Ijyb
  3237 | D:4      | Reached skill level 4 in Maces & Flails
  3265 | D:4      | Reached skill level 1 in Hexes
  3265 | D:4      | Reached XP level 6. HP: 27/38 MP: 6/6
  3526 | D:4      | Found a glowing golden altar of the Shining One.
  3526 | D:4      | Found an iron altar of Okawaru.
  3527 | D:4      | Found a shimmering altar of Xom.
  3536 | D:4      | Became a worshipper of Warmaster Okawaru
  3998 | D:2      | Noticed Crazy Yiuf
  4000 | D:2      | Killed Crazy Yiuf
  4537 | D:4      | Reached skill level 1 in Armour
  4562 | D:4      | Reached XP level 7. HP: 32/43 MP: 7/7
  4769 | D:4      | Reached * piety under Okawaru
  4984 | D:5      | Entered Level 5 of the Dungeon
  5054 | D:5      | Found Abruj's Assorted Antiques.
  5582 | D:5      | Found a white marble altar of Elyvilon.
  5628 | D:5      | Found a deep blue altar of Sif Muna.
  5689 | D:5      | Reached skill level 5 in Crossbows
  5852 | D:5      | Reached XP level 8. HP: 48/48 MP: 8/8
  6082 | D:6      | Noticed Veiltonx's ghost (novice GrWz)
  6466 | D:7      | Found Misesk's Antique Weapon Shoppe.
  6467 | D:7      | Found Iczuolun's Armour Boutique.
  6475 | D:7      | Bought a shimmering morningstar for 198 gold pieces
  6476 | D:7      | Identified the +5 morningstar of the Toadstool {crush, Dex+2} (You bought it in a shop on level 7 of the Dungeon)
  6529 | D:7      | Found a glowing golden altar of the Shining One.
  6570 | D:7      | Reached ** piety under Okawaru
  6742 | D:7      | Reached skill level 5 in Maces & Flails
  6786 | D:7      | Noticed Prince Ribbit
  7089 | D:7      | Found Orhen's Food Shop.
  7175 | D:7      | Found an oddly glowing altar of Pakellas.
  7180 | D:7      | Reached skill level 6 in Maces & Flails
  7266 | D:7      | Found a staircase to the Ecumenical Temple.
  7378 | D:7      | Killed Prince Ribbit
  7378 | D:7      | Reached skill level 7 in Maces & Flails
  7378 | D:7      | Reached XP level 9. HP: 44/52 MP: 9/9
  7419 | D:7      | Reached skill level 8 in Maces & Flails
  7497 | D:6      | Killed Veiltonx's ghost
  7497 | D:6      | Reached *** piety under Okawaru
  7497 | D:6      | Received a gift from Okawaru
  7497 | D:6      | Reached skill level 9 in Maces & Flails
  7687 | D:6      | Noticed Grinder
  7697 | D:6      | Killed Grinder
  7795 | D:6      | Got a pair of faintly glowing gloves
  7806 | D:6      | Identified the +2 pair of gloves of Lythubir {+Fly rC+} (You found it on level 6 of the Dungeon)
  7917 | D:6      | Reached skill level 5 in Armour
  7964 | D:6      | Gained mutation: You have a pair of small antennae on your head. [potion of beneficial mutation]
  7970 | D:6      | Learned a level 3 spell: Confuse
  8002 | D:6      | Noticed Sigmund
  8010 | D:6      | Killed Sigmund
  8010 | D:6      | Received a gift from Okawaru
  8010 | D:6      | Reached skill level 5 in Fighting
  8304 | D:6      | Noticed an oklob plant
  8324 | D:6      | Reached XP level 10. HP: 45/61 MP: 10/10
  8361 | D:6      | Reached **** piety under Okawaru
  8904 | D:8      | Found Baloigh's General Store.
  9488 | D:9      | Noticed anele's ghost (novice DsAK)
  9835 | D:9      | Reached skill level 5 in Hexes
  9898 | D:9      | Reached skill level 1 in Spellcasting
 10058 | D:9      | Reached ***** piety under Okawaru
 10104 | D:9      | Reached skill level 10 in Maces & Flails
 10442 | D:10     | Entered Level 10 of the Dungeon
 10540 | D:10     | Reached XP level 11. HP: 63/67 MP: 16/16
 10564 | D:10     | Received a gift from Okawaru
 10568 | D:10     | Reached skill level 11 in Maces & Flails
 11311 | D:10     | Gained mutation: You tend to lose your temper in combat. [potion of mutation]
 11311 | D:10     | Gained mutation: Your muscles are strong. (Str +2) [potion of mutation]
 11311 | D:10     | Lost mutation: You have a pair of small antennae on your head. [potion of mutation]
 11312 | D:10     | Gained mutation: Your magical capacity is low (-10% MP). [potion of mutation]
 11312 | D:10     | Gained mutation: You are clumsy. (Dex -2) [potion of mutation]
 11312 | D:10     | Lost mutation: You are clumsy. (Dex -2) [potion of mutation]
 11313 | D:10     | Gained mutation: You have sharp fingernails. [potion of mutation]
 11314 | D:10     | Lost mutation: Your magical capacity is low (-10% MP). [potion of cure mutation]
 11314 | D:10     | Lost mutation: You tend to lose your temper in combat. [potion of cure mutation]
 11314 | D:10     | Lost mutation: Your muscles are strong. (Str +2) [potion of cure mutation]
 11314 | D:10     | Lost mutation: You have sharp fingernails. [potion of cure mutation]
 11402 | D:10     | Noticed Psyche
 11409 | D:10     | Paralysed by Psyche for 2 turns
 11420 | D:10     | Killed Psyche
 11717 | D:11     | Found a staircase to the Lair.
 11780 | D:11     | Found a viscous altar of Jiyva.
 11843 | D:11     | Noticed a manticore
 11850 | D:11     | Killed a manticore
 11850 | D:11     | Reached skill level 10 in Fighting
 11964 | D:11     | Found an ancient bone altar of Kikubaaqudgha.
 12022 | Lair:1   | Entered Level 1 of the Lair of Beasts
 12090 | Lair:1   | Received a gift from Okawaru
 12145 | Lair:1   | Noticed Nergalle
 12258 | Lair:2   | Noticed a five-headed hydra
 12272 | Lair:2   | Killed a five-headed hydra
 12624 | Lair:2   | Reached skill level 1 in Invocations
 12681 | Lair:2   | Reached XP level 12. HP: 69/78 MP: 14/17
 13357 | Lair:2   | Killed Nergalle
 13524 | Lair:1   | Reached skill level 5 in Invocations
 13807 | Lair:1   | Noticed a four-headed hydra
 13816 | Lair:1   | Killed a four-headed hydra
 14328 | Lair:3   | Received a gift from Okawaru
 14418 | Lair:3   | Received a gift from Okawaru
 14666 | Lair:3   | Found a blossoming altar of Fedhas.
 15031 | Lair:4   | Reached ****** piety under Okawaru
 15160 | Lair:4   | Noticed a four-headed hydra
 15191 | Lair:4   | Reached XP level 13. HP: 80/83 MP: 17/19
 15291 | Lair:4   | Found a staircase to the Snake Pit.
 15541 | Lair:4   | Received a gift from Okawaru
 16114 | Lair:5   | Noticed Nessos
 16156 | Lair:5   | Killed Nessos
 16156 | Lair:5   | Received a gift from Okawaru
 16156 | Lair:5   | Reached skill level 10 in Armour
 16156 | Lair:5   | Reached skill level 10 in Invocations
 16389 | Lair:5   | Noticed Kirke
 16426 | Lair:5   | Killed Kirke
 17069 | Lair:6   | Reached skill level 5 in Dodging
 17495 | Lair:6   | Gained mutation: Your large and strong wings let you fly indefinitely. [Gargoyle growth]
 17495 | Lair:6   | Reached XP level 14. HP: 61/90 MP: 12/21
 17613 | Lair:6   | Found a staircase to the Shoals.
 18163 | Lair:7   | Found a staircase to the Slime Pits.
 18163 | Lair:7   | Found a viscous altar of Jiyva.
 18268 | Lair:7   | Received a gift from Okawaru
 18862 | Lair:7   | Learned a level 2 spell: Blink
 18865 | Lair:7   | Learned a level 2 spell: Shroud of Golubria
 18870 | Lair:7   | Learned a level 3 spell: Portal Projectile
 19003 | Lair:7   | Reached skill level 1 in Translocations
 19393 | Lair:8   | Entered Level 8 of the Lair of Beasts
 19405 | Lair:8   | Learned a level 1 spell: Apportation
 19668 | Lair:8   | Got a polished cloak
 19679 | Lair:8   | Identified the +3 cloak "Umuar" {+Blink MR- Int+3} (You found it on level 8 of the Lair of Beasts)
 19979 | Lair:8   | Found a runed door.
 20119 | Lair:8   | Reached skill level 10 in Crossbows
 21261 | Lair:8   | Received a gift from Okawaru
 21265 | Lair:8   | Reached skill level 5 in Translocations
 22561 | D:12     | Received a gift from Okawaru
 22561 | D:12     | Reached XP level 15. HP: 89/94 MP: 22/22
 22613 | D:12     | Found a staircase to the Orcish Mines.
 22998 | D:12     | Noticed Erolcha
 23011 | D:12     | Killed Erolcha
 23040 | D:12     | Got a fine tin ring
 23043 | D:12     | Identified the ring of Omasom {rN++ Stlth-} (You found it on level 12 of the Dungeon)
 23374 | Orc:1    | Entered Level 1 of the Orcish Mines
 23412 | Orc:1    | Noticed Maurice
 23436 | Orc:1    | Killed Maurice
 23511 | Orc:1    | Noticed an orc warlord
 23531 | Orc:1    | Killed an orc warlord
 23612 | Orc:2    | Entered Level 2 of the Orcish Mines
 23612 | Orc:2    | Found a staircase to the Elven Halls.
 23845 | Orc:1    | Reached skill level 12 in Maces & Flails
 23982 | Orc:1    | Received a gift from Okawaru
 24821 | Orc:2    | Found Singeab's Armour Shoppe.
 24823 | Orc:2    | Found Zuelax's Magic Scroll Boutique.
 24845 | Orc:2    | Found Xiufim's Food Shop.
 24846 | Orc:2    | Found Lymiarph's Distillery.
 24971 | Orc:2    | Found Egussabu's Antique Armour Boutique.
 25336 | D:13     | Reached skill level 13 in Maces & Flails
 25402 | D:13     | Got a jewelled plate armour
 25417 | D:13     | Identified the +10 plate armour of Repulsion {rN+++ Str-4 Int-3 Slay+5} (You found it on level 13 of the Dungeon)
 25440 | D:13     | Received a gift from Okawaru
 25516 | D:13     | Found a gate to the Vaults.
 25558 | D:13     | Received a gift from Okawaru
 25756 | D:13     | Found Caug's Magic Scroll Shop.
 25768 | D:13     | Received a gift from Okawaru
 25870 | D:13     | Reached skill level 14 in Maces & Flails
 26656 | D:14     | Noticed Frances
 26670 | D:14     | Killed Frances
 26670 | D:14     | Received a gift from Okawaru
 26670 | D:14     | Reached XP level 16. HP: 89/100 MP: 21/23
 27357 | D:15     | Entered Level 15 of the Dungeon
 27378 | D:15     | Received a gift from Okawaru
 27400 | D:15     | Found a staircase to the Depths.
 27638 | D:15     | Received a gift from Okawaru
 27705 | D:15     | Noticed Roxanne
 27941 | D:15     | Killed Roxanne
 27943 | D:15     | Identified Roxanne's Reference Book on Earth and Shape Shifting (You took it off Roxanne on level 15 of the Dungeon)
 28338 | D:15     | Received a gift from Okawaru
 28415 | D:15     | Noticed Azrael
 28438 | D:15     | Killed Azrael
 28438 | D:15     | Received a gift from Okawaru
 29232 | Snake:1  | Entered Level 1 of the Snake Pit
 29232 | Snake:1  | Noticed Aizul
 29257 | Snake:1  | Killed Aizul
 29257 | Snake:1  | Received a gift from Okawaru
 29569 | Snake:1  | Noticed Donald
 29578 | Snake:1  | Killed Donald
 29605 | Snake:1  | Found Lilefato's Distillery.
 30600 | Snake:2  | Received a gift from Okawaru
 30602 | Snake:2  | Cast into level 2 of the Abyss (naga)
 30602 | Abyss:2  | Found a corrupted altar of Lugonu.
 30611 | Abyss:2  | Found a shattered altar of Ashenzari.
 30633 | Abyss:2  | Noticed a lich
 30660 | Abyss:2  | Reached XP level 17. HP: 55/109 MP: 10/24
 30826 | Abyss:2  | Gained mutation: Your spells are a little easier to cast, but a little less powerful. [a neqoxec]
 30853 | Abyss:2  | Noticed a tentacled starspawn
 30862 | Abyss:2  | Killed a tentacled starspawn
 31113 | Abyss:2  | Noticed an Executioner
 31285 | Snake:2  | Escaped the Abyss
 31855 | Snake:3  | Received a gift from Okawaru
 31870 | Snake:3  | Got a jewelled hand crossbow
 31871 | Snake:3  | Identified the +6 hand crossbow "Imeib" {penet, Int+4} (You found it on level 3 of the Snake Pit)
 32002 | Snake:3  | Received a gift from Okawaru
 32590 | Snake:3  | Reached skill level 15 in Fighting
 32666 | Snake:4  | Entered Level 4 of the Snake Pit
 33498 | Snake:4  | Reached skill level 15 in Maces & Flails
 33537 | Snake:4  | Received a gift from Okawaru
 33540 | Snake:4  | Got a dazzling cloak {god gift}
 33551 | Snake:4  | Identified the +1 cloak of Mysticism {rCorr} (Okawaru gifted it to you on level 4 of the Snake Pit)
 34867 | Snake:4  | Reached skill level 16 in Maces & Flails
 34911 | Snake:4  | Reached XP level 18. HP: 96/119 MP: 19/25
 34969 | Snake:4  | Got a serpentine rune of Zot
 35222 | Snake:4  | Identified a scroll of acquirement
 35550 | Shoals:1 | Entered Level 1 of the Shoals
 36318 | Shoals:1 | Received a gift from Okawaru
 36380 | Shoals:1 | Reached skill level 17 in Maces & Flails
 36625 | Shoals:2 | Noticed Garrluk's ghost (adept DEFE)
 36838 | Shoals:2 | Killed Garrluk's ghost
 36919 | Shoals:2 | Received a gift from Okawaru
 36922 | Shoals:2 | Got a slimy hat {god gift}
 36933 | Shoals:2 | Identified the -3 hat of the Undertaker {rC+} (Okawaru gifted it to you on level 2 of the Shoals)
 37759 | Shoals:3 | Noticed Polyphemus
 37800 | Shoals:2 | Reached skill level 18 in Maces & Flails
 38027 | Shoals:3 | Killed Polyphemus
 38452 | Shoals:3 | Got a heavily runed ring mail
 38463 | Shoals:3 | Identified the +3 ring mail of Ru's Hope {rF+ rCorr Dex-3} (You found it on level 3 of the Shoals)
 39296 | Shoals:3 | Received a gift from Okawaru
 39614 | Shoals:4 | Entered Level 4 of the Shoals
 39675 | Shoals:4 | Reached skill level 19 in Maces & Flails
 39786 | Shoals:4 | Reached XP level 19. HP: 124/124 MP: 26/26
 39902 | Shoals:4 | Noticed Ilsuiw
 40145 | Shoals:4 | Killed Ilsuiw
 40218 | Shoals:4 | Received a gift from Okawaru
 40460 | Shoals:4 | Received a gift from Okawaru
 40831 | Shoals:4 | Got a barnacled rune of Zot
 41031 | Shoals:4 | Reached skill level 20 in Maces & Flails
 41783 | Lair:2   | Upgraded the game from 0.18-a0-1392-g59a4c01 to 0.18-a0-1400-g0ef5d54
 41928 | Vaults:1 | Entered Level 1 of the Vaults
 42335 | Vaults:1 | Noticed Saint Roka
 42902 | D:13     | Received a gift from Okawaru
 43003 | Depths:1 | Entered Level 1 of the Depths
 43410 | Depths:1 | Received a gift from Okawaru
 43552 | Depths:1 | Reached XP level 20. HP: 74/129 MP: 18/27
 43771 | Depths:1 | Found a gateway to a ziggurat.
 43808 | Depths:1 | Got a bloodstained triple sword
 43809 | Depths:1 | Identified the +5 triple sword "Dyrera" {slice, *Contam rN++ Int+4 Dex+4} (You found it on level 1 of the Depths)
 43832 | Depths:1 | Gained mutation: Armour fits poorly on your strangely shaped body. [mutagenic glow]
 43841 | Depths:1 | Received a gift from Okawaru
 44295 | Depths:1 | Found a gateway to Hell.
 44301 | Depths:1 | Got a wavering ruby amulet
 44303 | Depths:1 | Identified the amulet of Poagavirgh {Reflect rPois rC+ MP-9 Int+2 SH+4} (You found it on level 1 of the Depths)
 44443 | Depths:2 | Paralysed by a vampire knight for 6 turns
 44565 | Depths:2 | Found a one-way gate to the infinite horrors of the Abyss.
 44852 | Depths:2 | Noticed a lich
 44864 | Depths:2 | Killed a lich
 44928 | Depths:2 | Reached skill level 15 in Crossbows
 44951 | Depths:2 | HP: 4/129 [hell knight/bolt of fire (21)]
 45579 | Vaults:1 | Killed Saint Roka
 45737 | Vaults:1 | Received a gift from Okawaru
 45743 | D:13     | Demolished by an ironbrand convoker

Vault maps used:
D:1:      shiori_angband_town
D:2:      uniq_crazy_yiuf_cottage
D:3:      first_bread, hangedman_decor_opposing, minmay_misc_feat_cross,
          kennysheep_generic_room_5, uniq_iyjb
D:4:      gammafunk_temple_overflow_claw
D:5:      lemuel_doored_altar, led_sif_pool, serial_shops, shop_fountains
D:6:      lemuel_slime, uniq_grinder, uniq_sigmund
D:7:      grunt_pakellas_mercury, minmay_temple_entry_butterflies, serial_shops,
          shop, shop, shop_coins, grunt_ogre_cave, tso_metal_star,
          uniq_prince_ribbit1
D:8:      serial_shops, shop
D:10:     minmay_ruffians, uniq_psyche
D:11:     lair_0_dummy, basic_altar, lasty_cornered_adventurer
D:12:     lemuel_ogre_cave
D:13:     grunt_vaults_entry_tiered, serial_shops, shop
D:14:     grunt_decor_one_mirror, nooodl_orcs_dogs, uniq_frances
D:15:     grunt_enter_depths_magical_seal, minmay_misc_feat_nine_boxes,
          minmay_misc_feat_more_columns, uniq_azrael, uniq_roxanne
Lair:1:   serial_bayou_ford_a, lemuel_fruit_tree, infiniplex_staircase_pool,
          uniq_nergalle
Lair:2:   lemuel_reptile_caves, grunt_forest_small_clearing_treed
Lair:3:   tgw_fedhas, serial_bayou_shore_b, grunt_megastairs_3,
          infiniplex_staircase_pool_2
Lair:4:   guppyfry_snake_entry_island, wad_woods_06, lemuel_fruit_fields
Lair:5:   minmay_stone_trees_small, uniq_kirke, uniq_nessos
Lair:6:   elwin_shoals_entry_stream
Lair:7:   slime_altar_1
Lair:8:   hangedman_lair_in_review, wormcave, serial_bayou_shore_a
Shoals:3: uniq_polyphemus
Shoals:4: shoals_end_grunt_ice, shoals_ilsuiw_alternative
Snake:1:  serial_shops, nicolae_shop_crystal, uniq_aizul, uniq_donald
Snake:3:  grunt_ministairs_1
Snake:4:  minmay_snake_end_coiled, nicolae_snake_linked_coils, spider_trap
Orc:1:    uniq_maurice, uniq_josephine
Orc:2:    st_orc_open, serial_shops, shop
Vaults:1: vaults_room_hallway, serial_ice_b, v_misc_30,
          nicolae_vaults_little_squares_1, hangedman_vaults_cutoff,
          hangedman_vaults_snaps, v_rooms_2, v_misc_1,
          ontoclasm_vaults_ligature, grunt_vaults_funnel, vaults_room_hallway,
          ontoclasm_vaults_twist, nicolae_vaults_quadrants, uniq_saint_roka
Depths:1: enter_ziggurat_f, lightli_too_deep, serial_sigils_hangedman_quiver,
          grunt_tough_drop, hangedman_decor_cross_pass
Depths:2: minmay_open_boxes_in_corner, abyss_entry, hell_entry,
          minmay_misc_feat_rows, st_stairs_6, grunt_megastairs_2,
          minmay_staircase_statues, firewood_loft

Skill      XL: |  1  2  3  4  5  6  7  8  9 10 11 12 13 14 15 16 17 18 19 20 |
---------------+-------------------------------------------------------------+-----
Fighting       | 3 4 6 7 10 11 13 15 | 15.0
Maces & Flails | 2 3 4 7 9 10 11 14 16 19 20 | 20.0
Hexes          | 1 3 5 8 |  8.1
Armour         | 3 5 8 10 11 14 | 14.2
Dodging        | 3 4 7 |  7.0
Crossbows      | 5 6 10 13 15 | 15.8
Spellcasting   | 3 |  3.4
Invocations    | 1 8 10 | 10.0
Translocations | 7 8 |  8.0
Stealth        | |  1.1

Action                   |  1- 3 |  4- 6 |  7- 9 | 10-12 | 13-15 | 16-18 | 19-21 || total
-------------------------+-------+-------+-------+-------+-------+-------+-------++-------
Melee: Short sword       |    88 |       |       |       |       |       |       ||    88
       Mace              |   123 |   198 |   314 |       |       |       |       ||   635
       Morningstar       |       |       |   156 |   837 |  1149 |       |       ||  2142
       Great mace        |       |       |       |       |   657 |  1725 |  1025 ||  3407
 Fire: Hand crossbow     |     2 |     2 |     1 |     7 |       |    15 |       ||    27
       Blowgun           |       |     5 |     4 |     4 |       |       |       ||    13
       Arbalest          |       |       |       |       |    14 |       |       ||    14
       Triple crossbow   |       |       |       |       |       |       |     2 ||     2
 Cast: Confusing Touch   |       |     1 |       |     1 |       |       |       ||     2
       Confuse           |       |       |       |     6 |     7 |       |       ||    13
Invok: Heroism           |       |       |       |     1 |     3 |     2 |     2 ||     8
       Finesse           |       |       |       |       |     9 |     8 |    10 ||    27
 Abil: Fly               |       |       |       |       |       |     1 |       ||     1
Evoke: Wand              |       |       |       |       |     1 |       |       ||     1
  Use: Scroll            |     8 |     5 |     6 |    12 |     7 |     8 |     3 ||    49
       Potion            |       |       |     1 |     4 |       |       |     1 ||     6
 Stab: Sleeping          |       |       |     3 |     2 |       |       |       ||     5
       Confused          |       |       |       |     4 |     4 |       |       ||     8
       Distracted        |       |       |       |     1 |       |       |       ||     1
  Eat: Meat ration       |     1 |       |       |       |       |     4 |     1 ||     6
       Chunk             |       |     7 |    13 |    24 |    41 |    24 |    18 ||   127
       Royal jelly       |       |       |       |     1 |       |     1 |       ||     2
       Pizza             |       |       |       |       |     1 |       |       ||     1
